 Dungeon Crawl Stone Soup version 0.14.2 (webtiles) character file.

256 dwapunkty the Covered (level 5, -2/47 HPs)
             Began as a Minotaur Fighter on Aug 29, 2017.
             Was an Initiate of the Shining One.
             Killed from afar by a crimson imp (8 damage)
             ... with a wand of frost
             ... on Level 3 of the Dungeon.
             The game lasted 00:23:59 (1824 turns).

dwapunkty the Covered (Minotaur Fighter)            Turns: 1824, Time: 00:23:59

HP  -2/47        AC  8     Str 21      XL: 5   Next: 35%
MP   2/2         EV  8     Int  5      God: the Shining One [......]
Gold 74          SH 19     Dex 10      Spells:  0 memorised,  4 levels left

rFire  . . .     SeeInvis .     a - +0,+1 flail
rCold  . . .     Clarity  .     u - +1 ring mail
rNeg   . . .     Conserve .     c - +0 shield
rPois  .         rCorr    .     (helmet restricted)
rElec  .         rRot     .     A - +0 cloak
SustAb . .       Spirit   .     (no gloves)
rMut   .         Warding  .     (no boots)
Saprov . . .     Stasis   .     (no amulet)
MR     .....                    (no ring)
                                (no ring)

@: not resistant to hostile enchantments, extremely unstealthy
A: retaliatory headbutt, horns 2
a: Renounce Religion


You were on level 3 of the Dungeon.
You worshipped the Shining One.
The Shining One was noncommittal.
You were not hungry.

You visited 1 branch of the dungeon, and saw 3 of its levels.

You collected 74 gold pieces.

Inventory:

Hand weapons
 a - a +0,+1 flail (weapon)
 g - a +0,+0 spear
 i - a +0,+0 club
 j - a +0,+0 giant spiked club
 p - a +0,+0 whip
 q - a +0,+0 club
 t - a +0,+0 sling
 v - a cursed +0,-1 mace
 C - a +0,+0 dagger
 M - a +0,+0 mace
Missiles
 h - 3 large rocks
 m - 35 stones (quivered)
 o - 7 bolts of frost
 y - 19 arrows
 B - 18 bolts
Armour
 c - a +0 shield (worn)
 n - a +0 robe
 u - a +1 ring mail (worn)
 w - a +0 chain mail
 A - a +0 cloak (worn)
 F - a +0 ring mail
Magical devices
 k - a wand of confusion (14) {unknown}
Comestibles
 b - a chunk of ogre flesh
 d - 4 bread rations
 r - 2 rotting chunks of hobgoblin flesh
 x - a pear
 J - a banana
 L - 3 rotting chunks of hobgoblin flesh
Potions
 e - a potion of might
 f - a potion of brilliance {unknown}
 l - 6 potions of curing
 z - 2 potions of heal wounds {unknown}
Carrion
 K - a hobgoblin skeleton


   Skills:
 + Level 4.7 Fighting
 + Level 3.0 Maces & Flails
 + Level 5.0 Armour
 + Level 1.9 Dodging
 + Level 4.7 Shields


You had 4 spell levels left.
You didn't know any spells.

Dungeon Overview and Level Annotations

Branches:
Dungeon (3/15)

Altars:
Sif Muna
Yredelemnul
The Shining One


Innate Abilities, Weirdness & Mutations

You reflexively headbutt those who attack you in melee.
You have a pair of horns on your head.


Message History

Okay, then.
Throwing (i - inventory. (,) - cycle):
s - 3 darts (quivered)
Press: ? - help, Shift-Dir - straight line, f - crimson imp
Aim: a crimson imp carrying a wand of frost {zapped: 3} (lightly wounded)
You throw a dart. The dart misses the crimson imp.
Throwing (i - inventory. (,) - cycle):
s - 2 darts (quivered)
Press: ? - help, Shift-Dir - straight line, f/p - crimson imp
Aim: a crimson imp carrying a wand of frost {zapped: 3} (lightly wounded)
You throw a dart. The dart misses the crimson imp.
Throwing (i - inventory. (,) - cycle):
s - a dart (quivered)
Press: ? - help, Shift-Dir - straight line, f/p - crimson imp
Aim: a crimson imp carrying a wand of frost {zapped: 3} You throw a dart.
The dart hits the crimson imp.
The crimson imp zaps a wand.
The puff of frost hits you!
* * * LOW HITPOINT WARNING * * *
The crimson imp spits at you. You block the crimson imp's attack.
You barely miss the crimson imp. Your headbutt misses the crimson imp.
The crimson imp zaps a wand.
The puff of frost hits you!
You die...

....# ............. ....#
............... .#. ..###
............... #...#
....###..............##.....#
#.....##....!.......##.....###
###...# #..........##.........
......# ##........###.......#
####..#######''######.....#....
# #...).%......@5(.....(......
# ###.###.#.########..........
# #...#...# #.###.#... #
######### #.# .. ! #.. .# ### #


You could see a crimson imp.

Vanquished Creatures
  An ogre (D:3)
  5 adders
  A worm (D:2)
  A giant gecko (D:2)
  An ooze (D:1)
  An orc (D:3)
  7 bats
  A giant cockroach (D:2)
  6 goblins
  5 hobgoblins
  3 jackals (D:2)
  2 ball pythons
  4 giant newts
  3 kobolds
  7 rats
  A plant (D:2)
49 creatures vanquished.

Vanquished Creatures (others)
  An orc (D:3)
1 creature vanquished.

Grand Total: 50 creatures vanquished

Notes
Turn   | Place    | Note
--------------------------------------------------------------
     0 | D:1      | dwapunkty, the Minotaur Fighter, began the quest for the Orb.
     0 | D:1      | Reached XP level 1. HP: 19/19 MP: 1/1
   317 | D:1      | Reached XP level 2. HP: 27/27 MP: 1/1
   383 | D:1      | Reached skill level 4 in Fighting
   968 | D:2      | Reached XP level 3. HP: 9/33 MP: 2/2
  1219 | D:2      | Found a glowing golden altar of the Shining One.
  1222 | D:2      | Became a worshipper of the Shining One
  1382 | D:2      | Reached XP level 4. HP: 33/41 MP: 2/2
  1394 | D:2      | Found a deep blue altar of Sif Muna.
  1557 | D:3      | Found a basalt altar of Yredelemnul.
  1662 | D:3      | Noticed an ogre
  1702 | D:3      | Killed an ogre
  1702 | D:3      | Reached skill level 5 in Armour
  1702 | D:3      | Reached skill level 1 in Dodging
  1702 | D:3      | Reached XP level 5. HP: 6/47 MP: 2/2
  1824 | D:3      | Killed from afar by a crimson imp

Action                   |  1- 3 |  4- 6 || total
-------------------------+-------+-------++-------
Melee: Flail             |    98 |    37 ||   135
       Dagger            |       |     9 ||     9
Throw: Dart              |       |     4 ||     4
  Use: Scroll            |     5 |     3 ||     8
